 Dungeon Crawl Stone Soup version 0.31-a0-174-g85c54bcb58 (webtiles) character file.

Game seed: 8304128008376308943

100 frimble the Ruffian (level 4, -4/29 HPs)
             Began as an Octopode Warper on June 15, 2023.
             Killed by divine providence
             ... invoked by an orc priest
              (11 damage)
             ... on level 2 of the Dungeon.
             The game lasted 00:01:14 (1093 turns).

frimble the Ruffian (Octopode Warper)               Turns: 1093, Time: 00:01:15

Health: -4/29      AC:  1    Str: 12    XL:     4   Next: 73%
Magic:  5/7        EV: 13    Int: 15    God:
Gold:   80         SH:  0    Dex: 11    Spells: 5/7 levels left

rFire   . .          .
                       - Unarmed
rCold   . . .        (no shield)
rNeg    . . .        (helmet restricted)
rPois   .            (no amulet)
rElec   .            (no ring)
rCorr   .            (no ring)
SInv    .            (no ring)
Will    .....        (no ring)
Stlth   +++          (no ring)
HPRegen 0.24/turn    (no ring)
MPRegen 0.10/turn    (no ring)
                     (no ring)

%: no passive effects
@: no status effects
A: almost no armour, amphibious, 8 rings, camouflage 1, gelatinous body 1,
nimble swimmer 1, tentacles
a: no special abilities


You were on level 2 of the Dungeon.
You visited 1 branch of the dungeon, and saw 2 of its levels.

You collected 80 gold pieces.

Inventory:

Missiles
 b - 7 boomerangs of dispersal (quivered)
Scrolls
 a - 2 scrolls of blinking
 c - a scroll of teleportation
Potions
 g - a potion of haste
 h - a potion of resistance {unknown}
 i - 2 potions of curing {unknown}


   Skills:
 - Level 2.0 Fighting
 - Level 1.0 Throwing
 - Level 2.3 Dodging
 + Level 4.7 Unarmed Combat
 - Level 2.0 Spellcasting
 - Level 3.0 Translocations


You had 5 spell levels left.
You knew the following spells:

 Your Spells              Type           Power      Damage    Failure   Level
a - Blink                 Tloc           20%        N/A       10%         2

Your spell library contained the following spells:

 Spells                   Type           Power      Damage    Failure   Level
 Lesser Beckoning         Tloc           20%        N/A       10%         2
 Teleport Other           Tloc           10%        N/A       19%         3
 Vhi's Electric Charge    Tloc/Air       12%        N/A       34%         3
 Manifold Assault         Tloc           10%        N/A       54%         4


Dungeon Overview and Level Annotations

Branches:
Dungeon (2/15)

Altars:

Shops:
D:2 *

Annotations:
D:2 Robin


Innate Abilities, Weirdness & Mutations

You cannot wear most types of armour.
You are amphibious.
You can wear up to eight rings at the same time.
Your skin changes colour to match your surroundings (Stealth+).
Your rubbery body absorbs attacks. (AC +1, EV +1)
You are camouflaged when in or above water. (Stealth+)
You have tentacles for arms and can constrict up to eight enemies at once.


Message History

Beogh smites you!
You are too injured to fight recklessly!
You are too injured to fight recklessly!
You are too injured to fight recklessly!
You are too injured to fight recklessly!
You closely miss the orc priest. You grab the orc priest.
You squeeze the orc priest.
You kill the orc priest!
You hear a splash.
You barely miss the orc. You grab the orc. You squeeze the orc!
You kill the orc!
You hear a splash.
You feel yourself speed up.
The orc priest invokes the aid of Beogh against you.
You barely resist.
Casting: Blink (safe; 10% risk of failure)
Confirm with . or Enter, or press ? or * to list all spells.
You blink.
A bat comes into view.
Found a scroll of teleportation.
Found Vasos's General Store.
You tentacle-slap the bat but do no damage.
Your grab misses the bat. The bat misses you. The bat closely misses you.
The bat closely misses you.
The orc priest begins to cast a cantrip, but forgets the words!
You enter the shallow water.
The bat misses you. The orc priest barely misses you.
You tentacle-slap the orc priest. Your grab misses the orc priest.
The orc priest is heavily wounded.
The bat completely misses you.
The orc priest calls down the wrath of Beogh upon you.
Beogh smites you!
* * * LOW HITPOINT WARNING * * *
You hear a shout!
You tentacle-slap the orc priest. Your grab misses the orc priest.
Your squeeze misses the orc priest.
The orc priest is severely wounded.
You feel stable enough to blink again.
The orc priest invokes the aid of Beogh against you.
Beogh smites you!
You die...

...~♣P~ ~~ ≈≈≈≈≈≈≈≈≈≈~≈P♣~~~~~~.
###♣♣~♣~~~~~≈≈≈≈≈≈≈≈≈≈≈~~~~~~~~♣.
#.♣ ~~~~ ≈≈≈≈≈≈≈≈≈≈≈≈~~~~♣~~♣~.
#.# ~~♣P~ ≈≈≈≈≈≈≈≈≈≈≈~~~P~~♣♣..
##.##~~~~~P ~≈~≈≈≈≈≈≈≈~~)~~P~♣#.#
....)..♣ ~~~~≈≈≈§≈)~~~~~~♣♣#.#
##.##### ~♣~~~~)~~~~~♣♣♣♣~##.#
...## ♣~~♣o♣~~♣~~~♣ ♣.....# #...#
# ♣@♣♣~~~~...#####.# #...###
##ob#.....## #.# ......#
#..##...## #.# ......# #..###.##
#.# ......# #... ### #.#
....##### ..... ########.#
#........ ##..?.. .........#
#.####### .....∩########..# #.#
......# #..#


You could see an orc priest, an orc and a bat.

Vanquished Creatures
  An orc priest (D:2)
  Jessica (D:2)
  A dart slug (D:1)
  An orc (D:2)
  5 ball pythons
  3 endoplasms (D:1)
  2 giant cockroaches (D:1)
  5 hobgoblins (D:1)
  A quokka (D:1)
  4 bats (D:1)
  3 frilled lizards (D:1)
  8 goblins
  2 kobolds (D:1)
  A rat (D:1)
38 creatures vanquished.

Notes
Turn   | Place    | Note
-------+----------+-------------------------------------------
     0 | D:1      | frimble the Octopode Warper began the quest for the Orb.
     0 | D:1      | Reached XP level 1. HP: 14/14 MP: 3/3
   138 | D:1      | Reached XP level 2. HP: 19/19 MP: 5/5
   159 | D:1      | Learned a level 2 spell: Blink
   275 | D:1      | Reached skill level 3 in Unarmed Combat
   551 | D:1      | Reached XP level 3. HP: 22/24 MP: 6/6
   993 | D:2      | Noticed Robin
  1070 | D:2      | Noticed Jessica
  1079 | D:2      | Killed Jessica
  1080 | D:2      | Reached skill level 4 in Unarmed Combat
  1080 | D:2      | Reached XP level 4. HP: 27/29 MP: 7/7
  1088 | D:2      | Found Vasos's General Store.
  1093 | D:2      | Killed from afar by an orc priest

Illustrated notes

Levels and vault maps discovered:
D:1:      psy_arrival_statuary, layout_basic
D:2:      layout_loops_ring, serial_shops, shop, serial_bayou_lake_a,
          uniq_jessica, uniq_robin

Skill      XL: |  1  2  3 |
---------------+----------+-----
Unarmed Combat | 3 4 |  4.7
Fighting       | |  2.0
Throwing       | |  1.0
Dodging        | |  2.3
Spellcasting   | |  2.0
Translocations | |  3.0

Action                     |  1- 3 |  4- 6 || total
---------------------------+-------+-------++-------
  Melee: Unarmed           |    72 |     8 ||    80
         Constrict         |    22 |     2 ||    24
         Tentacles         |    14 |     3 ||    17
         Punch             |     3 |       ||     3
   Cast: Blink             |       |     1 ||     1
    Use: Scroll            |     4 |       ||     4
   Stab: Sleeping          |     7 |       ||     7
 Armour: Skin              |     5 |       ||     5
  Dodge: Dodged            |    29 |     8 ||    37

Table legend: (Time is in decaauts)
 A = Elapsed time spent in this place.
 B = Non-inter-level travel time spent in this place.
 C = Inter-level travel time spent in this place.
 D = Time resting spent in this place.
 E = Time spent auto-exploring this place.
 F = Levels seen in this place.
 G = Mean time per level.
                   A        B        C        D        E       F      G
               +--------+--------+--------+--------+--------+-----+--------+
         Total |   1093 |   1056 |     37 |      0 |    824 |   2 |  546.5 |
       Dungeon |   1093 |   1056 |     37 |      0 |    824 |   2 |  546.5 |
               +--------+--------+--------+--------+--------+-----+--------+

Top non-repeatable levels by time:
     D:1: 899 daAuts
     D:2: 194 daAuts
